 Dungeon Crawl Stone Soup version 0.19-a0-1553-g64c24c3 (webtiles) character file.

931 jacquesderrida the Ruffian (level 8, -7/42 HPs)
             Began as a Vine Stalker Wanderer on Sept 15, 2016.
             Mangled by an orc warrior
             ... wielding a +0 long sword
              (17 damage)
             ... on level 7 of the Dungeon.
             The game lasted 00:10:00 (2032 turns).

jacquesderrida the Ruffian (Vine Stalker Wanderer)  Turns: 2032, Time: 00:10:01

Health: -7/42      AC:  7    Str: 17    XL:     8   Next: 11%
Magic:  0/10       EV: 12    Int: 13    God:
Gold:   10         SH:  0    Dex: 13    Spells: 0 memorised, 7 levels left

rFire  . . .     SeeInvis .       - Unarmed
rCold  . . .     Gourm    .     a - +2 leather armour
rNeg   . . .     Faith    .     (no shield)
rPois  .         Spirit   +     m - +1 hat
rElec  .         Dismiss  .     (no cloak)
rCorr  .         Reflect  .     e - +0 pair of gloves
MR     +....     Harm     .     (no boots)
Stlth  +.........               (no amulet)
                                (no ring)
                                (no ring)

@: no status effects
A: fangs 3, regeneration 1, magic shield, antimagic bite, no device heal 3, rot
immunity
a: no special abilities


You were on level 7 of the Dungeon.
You were hungry.

You visited 2 branches of the dungeon, and saw 8 of its levels.

You collected 107 gold pieces.
You spent 97 gold pieces at shops.

Inventory:

Hand Weapons
 b - a +0 short sword
 c - a +1 shortbow
Missiles
 d - 47 arrows
Armour
 a - a +2 leather armour (worn)
 e - a +0 pair of gloves (worn)
 m - a +1 hat (worn)
Wands
 k - a wand of iceblast (0/15)
Scrolls
 g - a scroll of magic mapping
 n - 3 scrolls of identify
Potions
 i - a potion of heal wounds
 j - a potion of flight {unknown}
 o - a potion of curing
 p - a potion of brilliance {unknown}
 q - a potion of beneficial mutation {unknown}
Books
 r - a book of Conjurations

   Spells                             Type                      Level
   a - Magic Dart                     Conjuration                  1
   b - Searing Ray                    Conjuration                  2
   c - Dazzling Spray                 Conjuration/Hexes            3
   d - Fulminant Prism                Conjuration/Hexes            4
   e - Iskenderun's Mystic Blast      Conjuration                  4
   f - Iskenderun's Battlesphere      Conjuration/Charms           5
Comestibles
 f - 3 bread rations
 h - 19 fruits
 l - a meat ration


   Skills:
 + Level 4.8 Fighting
 - Level 2.6 Bows
 - Level 1.0 Armour
 - Level 1.5 Dodging
 * Level 7.3 Unarmed Combat
 - Level 1.7 Evocations


You had 7 spell levels left.
You didn't know any spells.

Dungeon Overview and Level Annotations

Branches:
Dungeon (7/15)             Temple (1/1) D:7

Altars:
Makhleb
Nemelex Xobeh
Qazlal
Sif Muna
Trog
Uskayaw
Vehumet
Xom
Zin
The Shining One

Shops:
D:5 }   D:6 ?


Innate Abilities, Weirdness & Mutations

You have razor-sharp teeth.
Your natural rate of healing is unusually fast.
When hurt, damage is shared between your health and your magic reserves.
Your bite disrupts and absorbs the magic of your enemies.
Potions and wands cannot restore your health.
You are immune to rotting.


Message History

You are feeling hungry.
All of the chunks of flesh in your inventory have rotted away.
Items here: ( )) ÷ † 25 stones; a giant spiked club; a giant club; an ogre skeleton; an ogre corpse You hit the orc warrior but do no damage.
Your bite misses the orc warrior.
The orc warrior is heavily wounded.
The orc warrior barely misses you.
You closely miss the orc warrior. Your bite misses the orc warrior.
The orc warrior is heavily wounded.
You hit the orc warrior but do no damage.
Your bite misses the orc warrior.
The orc warrior is heavily wounded.
The orc warrior hits you with a long sword!
* * * LOW HITPOINT WARNING * * *
You hit the orc warrior but do no damage.
Your bite misses the orc warrior.
The orc warrior is heavily wounded.
The orc warrior hits you with a long sword!!
You die...

#....#.....#####
##.......#### #####
##..###..## #...## #..##
#$.# ##....# ..## ##)##
#.<..#* .## #..##
#####....# ##
#...#####........## #
#.......o....###..##
####..######@...# ##..##
#####....## ##..##
##..### #.........# #...#
##...##
....####..#######...#
##...## ...##
##.(.........## #..(.##
...#
#####........######.....#
...#
####......>.##.....>.
##.# #...##........#...
#### #..######....#####


You could see an orc warrior.

Vanquished Creatures
  A phantom (D:5)
  3 ogres
  A centaur (D:5)
  2 giant frogs (D:6)
  2 howler monkeys (D:4)
  An orc priest (D:7)
  A hound (D:5)
  A giant frog skeleton (D:7)
  An iguana (D:5)
  An orc wizard (D:4)
  2 worker ants
  A hound skeleton (D:4)
  3 gnolls (D:5)
  3 adders (D:5)
  2 oozes
  An adder skeleton (D:5)
  A giant gecko (D:5)
  9 orcs
  4 bats (D:1)
  4 giant cockroaches
  3 goblins
  A hobgoblin (D:1)
  2 jackals (D:1)
  2 quokkas (D:7)
  A frilled lizard (D:1)
  A kobold (D:1)
  2 rats (D:1)
56 creatures vanquished.

Notes
Turn   | Place    | Note
-------+----------+-------------------------------------------
     0 | D:1      | jacquesderrida the Vine Stalker Wanderer began the quest for the Orb.
     0 | D:1      | jacquesderrida set off with: a +2 leather armour, a +0 short sword, a +0 shortbow, 26 arrows, a bread ration
     0 | D:1      | Reached XP level 1. HP: 10/10 MP: 3/3
   187 | D:1      | Reached XP level 2. HP: 13/14 MP: 4/4
   419 | D:1      | Reached skill level 2 in Unarmed Combat
   458 | D:3      | Reached XP level 3. HP: 17/18 MP: 5/5
   608 | D:4      | Reached skill level 3 in Unarmed Combat
   608 | D:4      | Gained mutation: Your natural rate of healing is unusually fast. [Vine Stalker growth]
   608 | D:4      | Reached XP level 4. HP: 17/23 MP: 6/6
   724 | D:5      | Entered Level 5 of the Dungeon
   734 | D:5      | Noticed a centaur
   738 | D:5      | HP: 1/23 [centaur (4)]
   744 | D:5      | Killed a centaur
   744 | D:5      | Reached skill level 4 in Unarmed Combat
   744 | D:5      | Reached XP level 5. HP: 5/28 MP: 0/7
   815 | D:5      | Noticed an ogre
   823 | D:5      | Killed an ogre
   823 | D:5      | Reached XP level 6. HP: 29/32 MP: 8/8
   966 | D:5      | Found a burning altar of Makhleb.
   982 | D:5      | Reached skill level 5 in Unarmed Combat
  1259 | D:5      | Reached XP level 7. HP: 35/37 MP: 9/9
  1396 | D:5      | Found Ysaodit's Gadget Boutique.
  1449 | D:5      | Reached skill level 6 in Unarmed Combat
  1608 | D:6      | Found Irisekof's Magic Scroll Shop.
  1614 | D:6      | Bought a scroll of magic mapping for 45 gold pieces
  1614 | D:6      | Bought a scroll of identify for 26 gold pieces
  1614 | D:6      | Bought a scroll of identify for 26 gold pieces
  1621 | D:6      | Found a stormy altar of Qazlal.
  1807 | D:7      | Reached skill level 7 in Unarmed Combat
  1813 | D:7      | Gained mutation: You have razor-sharp teeth. [Vine Stalker growth]
  1813 | D:7      | Reached XP level 8. HP: 36/42 MP: 10/10
  1862 | D:7      | Found a staircase to the Ecumenical Temple.
  1871 | Temple   | Entered the Ecumenical Temple
  2032 | D:7      | Mangled by an orc warrior

Vault maps used:
D:1:      dpeg_arrival_chase
D:3:      nicolae_overflow_hidden_temple, first_bread, bh_chokoban, uniq_sigmund
D:5:      old_standard_altar, serial_shops, nicolae_shop_trees,
          makhleb_heckhound_becter
D:6:      kennysheep_housing_project, grunt_qazlal_clouds, serial_shops,
          nicolae_shop_trees, corexii_hall_statues_l
D:7:      okawaru_trees_1
Temple:   dpeg_three_leaves_temple

Skill      XL: |  1  2  3  4  5  6  7 |
---------------+----------------------+-----
Unarmed Combat | 2 3 4 5 7 |  7.3
Fighting       | 2 3 4 |  4.8
Bows           | |  2.6
Armour         | |  1.0
Dodging        | |  1.5
Evocations     | |  1.7

Action                   |  1- 3 |  4- 6 |  7- 9 || total
-------------------------+-------+-------+-------++-------
Melee: Unarmed           |       |    77 |   125 ||   202
       Bite              |       |    25 |    43 ||    68
       Punch             |       |     3 |     3 ||     6
 Fire: Shortbow          |    81 |     3 |       ||    84
Evoke: Wand              |       |     2 |       ||     2
  Use: Potion            |       |     3 |     3 ||     6
       Scroll            |       |     1 |     4 ||     5
 Stab: Sleeping          |       |       |     1 ||     1
  Eat: Chunk             |       |     1 |     3 ||     4
Armor: Leather armour    |    39 |    42 |    30 ||   111
       Skin              |       |     7 |       ||     7
Dodge: Dodged            |    45 |    47 |    72 ||   164
